 Dungeon Crawl Stone Soup version 0.18.1-48-g4cf74bf (webtiles) character file.

5719 rjaguar3 the Nimble (level 10, 0/90 HPs)
             Began as a Minotaur Berserker on July 9, 2016.
             Was an Elder of Trog.
             Killed from afar by an electric eel (12 damage)
             ... with a bolt of electricity
             ... on level 9 of the Dungeon on July 16, 2016.
             The game lasted 00:36:02 (9685 turns).

rjaguar3 the Nimble (Minotaur Berserker)            Turns: 9685, Time: 00:36:02

Health: 0/90       AC:  3    Str: 23    XL:     10   Next: 48%
Magic:  9/9        EV: 20    Int:  4    God:    Trog [****..]
Gold:   454        SH:  0    Dex: 16    Spells: 0 memorised, 9 levels left

rFire  . . .     SeeInvis +     a - +0 mace
rCold  . . .     Gourm    .     b - +0 animal skin
rNeg   . . .     Faith    .     (no shield)
rPois  .         Spirit   .     (helmet restricted)
rElec  .         Dismiss  .     m - +0 cloak
rCorr  .         Reflect  .     (no gloves)
SustAt .         Harm     .     (no boots)
MR     .....                    (no amulet)
Stlth  +++.......               j - ring of see invisible
                                i - +4 ring of dexterity

@: not resistant to hostile enchantments, fairly stealthy
A: retaliatory headbutt, horns 2
a: Berserk, Trog's Hand, Brothers in Arms, Burn Spellbooks, Renounce Religion


You were on level 9 of the Dungeon.
You worshipped Trog.
Trog was greatly pleased with you.
You were not hungry.

You visited 1 branch of the dungeon, and saw 9 of its levels.

You collected 454 gold pieces.

Inventory:

Hand Weapons
 a - a +0 mace (weapon)
 p - a +0 dagger of draining
Missiles
 l - 143 stones (quivered)
Armour
 b - a +0 animal skin (worn)
 m - a +0 cloak (worn)
Rods
 h - a +0 rod of clouds (14/14)
   (You found it on level 8 of the Dungeon)
Jewellery
 i - a +4 ring of dexterity (left hand)
 j - a ring of see invisible (right hand)
Wands
 d - a wand of acid (11/15)
 e - a wand of confusion (15/48)
 v - a wand of random effects (17/48)
 E - a wand of iceblast (8/15)
 G - a wand of confusion (19/48)
 I - a wand of digging (1/24)
 J - a wand of paralysis (10/24)
Scrolls
 f - 4 scrolls of noise {unknown}
 n - 2 scrolls of teleportation {unknown}
 q - 2 scrolls of amnesia {unknown}
 r - a scroll of magic mapping {unknown}
 s - 2 scrolls of fog {unknown}
 u - 2 scrolls of remove curse {unknown}
 w - a scroll of enchant weapon {unknown}
 y - a scroll of recharging {unknown}
 D - 2 scrolls of enchant armour {unknown}
Potions
 g - 9 potions of curing
 k - a potion of berserk rage {unknown}
 t - a potion of mutation {unknown}
 x - 2 potions of magic {unknown}
 A - a potion of brilliance {unknown}
 B - 2 potions of flight {unknown}
 C - 2 potions of heal wounds {unknown}
 F - a potion of agility {unknown}
 H - a potion of might {unknown}
Books
 o - a book of the Tempests

   Spells                             Type                      Level
   a - Static Discharge               Conjuration/Air              3
   b - Lightning Bolt                 Conjuration/Air              5
   c - Fireball                       Conjuration/Fire             5
   d - Tornado                        Air                          9
   e - Shatter                        Earth                        9
   Trog disapproves of the use of such an item.
 z - a Necronomicon

   Spells                             Type                      Level
   a - Haunt                          Necromancy/Summoning         7
   b - Borgnjor's Revivification      Necromancy                   8
   c - Death's Door                   Charms/Necromancy            8
   d - Necromutation                  Transmutation/Necromancy     8
   Trog disapproves of the use of such an item.
Comestibles
 c - 3 bread rations
 K - 8 chunks of flesh


   Skills:
 + Level 8.6 Fighting
 + Level 10.0 Maces & Flails
 + Level 2.8 Throwing
 + Level 2.8 Armour
 + Level 11.1 Dodging
 + Level 5.1 Stealth


You had 9 spell levels left.
You didn't know any spells.

Dungeon Overview and Level Annotations

Branches:
Dungeon (9/15)             Temple (0/1) D:7            Lair (0/8) D:9
    Orc (0/2) D:9

Altars:
Elyvilon
Fedhas
Makhleb
Nemelex Xobeh
Pakellas
Vehumet
Yredelemnul

Annotations:
D:3 Natasha


Innate Abilities, Weirdness & Mutations

You reflexively headbutt those who attack you in melee.
You have a pair of horns on your head.


Message History

The stone closely misses the electric eel.
The electric eel shoots out a bolt of lightning at you!
The bolt of electricity hits you!
The electric eel shoots out a bolt of lightning at you!
The bolt of electricity hits you!
The electric eel shoots out a bolt of lightning at you!
The bolt of electricity hits you!
The electric eel shoots out a bolt of lightning at you!
The bolt of electricity hits you!
The electric eel shoots out a bolt of lightning at you!
The bolt of electricity hits you!
The electric eel shoots out a bolt of lightning at you!
The bolt of electricity hits you!
* * * LOW HITPOINT WARNING * * *
The electric eel shoots out a bolt of lightning at you!
The bolt of electricity hits you!
* * * LOW HITPOINT WARNING * * *
The electric eel shoots out a bolt of lightning at you!
The bolt of electricity hits you!
You die...

#..#....÷...8.....>.....8..#
#.....###...............÷..#
#.....# #.##.............#÷#
#..#..###.##.............#.#
#.........##......8......#.#
####.##....#####.....#####..
#.######..# ##..###.....#
..# #..####.####..#..) ##.#
#@.#..........#### #.#
#................. ..
#...≈.............
##...≈≈≈.≈.≈......
#...≈≈≈≈≈≈≈......
#..≈.≈≈;≈≈.≈.†≈≈.
##...≈≈;≈≈≈≈≈≈...
#≈≈≈≈≈≈≈≈≈≈≈≈...
#≈≈≈≈≈.≈.≈.≈≈≈≈.


You could see 2 electric eels.

Vanquished Creatures
  The ghost of Aquadorian the Severer, a novice HOFi of Okawaru (D:8)
  Joseph (D:7)
  Grinder (D:3)
  A hill giant zombie (D:9)
  5 yaks (D:9)
  A hungry ghost (D:9)
  A hippogriff (D:9)
  Menkaure (D:5)
  A water moccasin (D:5)
  Duvessa (D:4)
  An ice beast (D:5)
  3 phantoms
  A necrophage (D:7)
  2 ogres
  5 centaurs
  2 big kobolds (D:8)
  Blork the orc (D:4)
  3 giant frogs
  A wyvern skeleton (D:6)
  Dowan (D:4)
  A scorpion (D:5)
  2 troll zombies (D:9)
  4 wights (D:6)
  An electric eel (D:9)
  2 howler monkeys
  3 crimson imps (D:5)
  6 hounds
  A giant frog skeleton (D:4)
  An orc priest (D:2)
  8 orc wizards
  6 iguanas
  4 worker ants
  5 ogre zombies (D:9)
  15 adders
  3 shadow imps
  An adder zombie (D:5)
  4 worms
  4 dart slugs
  3 giant geckos
  20 orcs
  2 ball pythons
  5 bats
  A bat skeleton (D:2)
  2 bat zombies (D:2)
  4 giant cockroaches
  5 goblins
  4 hobgoblins
  10 jackals
  4 quokkas
  A giant cockroach zombie (D:2)
  2 giant gecko skeletons
  A giant gecko zombie (D:2)
  2 giant newts
  2 goblin zombies (D:9)
  3 hobgoblin zombies (D:9)
  A jackal zombie (D:5)
  20 kobolds
  3 orc skeletons (D:9)
  17 orc zombies (D:9)
  A quokka skeleton (D:5)
  7 rats
225 creatures vanquished.

Vanquished Creatures (others)
  A jackal (D:9)
1 creature vanquished.

Grand Total: 226 creatures vanquished

Notes
Turn   | Place    | Note
--------------------------------------------------------------
     0 | D:1      | rjaguar3 the Minotaur Berserker began the quest for the Orb.
     0 | D:1      | Reached XP level 1. HP: 19/19 MP: 0/0
     6 | D:1      | Noticed a swamp drake
     6 | D:1      | Noticed a water moccasin
     6 | D:1      | Noticed a crocodile
     7 | D:1      | Noticed a redback
     7 | D:1      | Noticed a hound
   140 | D:1      | Reached XP level 2. HP: 25/27 MP: 1/1
   621 | D:1      | Reached ** piety under Trog
   679 | D:1      | Reached XP level 3. HP: 28/33 MP: 2/2
  1542 | D:2      | Reached XP level 4. HP: 38/40 MP: 3/3
  2012 | D:2      | Reached skill level 3 in Dodging
  2310 | D:3      | Noticed Grinder
  2333 | D:2      | Reached skill level 5 in Maces & Flails
  2333 | D:2      | Reached skill level 1 in Stealth
  2333 | D:2      | Reached XP level 5. HP: 30/47 MP: 4/4
  2506 | D:3      | Found a faded altar to an unknown god.
  2811 | D:3      | Reached *** piety under Trog
  2856 | D:3      | Killed Grinder
  2856 | D:3      | Reached skill level 5 in Fighting
  2856 | D:3      | Reached skill level 4 in Dodging
  2856 | D:3      | Reached XP level 6. HP: 56/56 MP: 5/5
  2922 | D:3      | Noticed Natasha
  3558 | D:4      | Reached XP level 7. HP: 62/62 MP: 6/6
  3814 | D:4      | Reached skill level 5 in Dodging
  3834 | D:4      | Reached skill level 1 in Throwing
  3864 | D:4      | Found a burning altar of Makhleb.
  3910 | D:4      | Noticed Blork the orc
  3911 | D:4      | Noticed Dowan
  3912 | D:4      | Noticed Duvessa
  3936 | D:4      | Killed Blork the orc
  3941 | D:4      | Killed Dowan
  3992 | D:4      | Killed Duvessa
  3992 | D:4      | Reached skill level 6 in Dodging
  4384 | D:4      | Reached XP level 8. HP: 69/70 MP: 7/7
  4449 | D:4      | Found a white marble altar of Elyvilon.
  4675 | D:5      | Entered Level 5 of the Dungeon
  4732 | D:5      | Reached **** piety under Trog
  4843 | D:5      | Found a radiant altar of Vehumet.
  4961 | D:5      | Noticed Menkaure
  4970 | D:5      | Killed Menkaure
  4970 | D:5      | Reached skill level 7 in Dodging
  5090 | D:5      | Found a basalt altar of Yredelemnul.
  5937 | D:6      | Found a basalt altar of Yredelemnul.
  5983 | D:6      | Reached skill level 8 in Dodging
  6288 | D:6      | Found a blossoming altar of Fedhas.
  6305 | D:6      | Reached XP level 9. HP: 75/78 MP: 8/8
  7135 | D:7      | Noticed Joseph
  7149 | D:7      | Killed Joseph
  7149 | D:7      | Reached skill level 9 in Dodging
  7246 | D:7      | Found a staircase to the Ecumenical Temple.
  7429 | D:7      | Found an oddly glowing altar of Pakellas.
  7753 | D:8      | Noticed Aquadorian's ghost (novice HOFi)
  7835 | D:8      | Found a sparkling altar of Nemelex Xobeh.
  8286 | D:8      | Killed Aquadorian's ghost
  8286 | D:8      | Reached skill level 10 in Dodging
  8286 | D:8      | Reached XP level 10. HP: 88/88 MP: 9/9
  8607 | D:8      | Identified a +0 rod of clouds (14/14) (You found it on level 8 of the Dungeon)
  8760 | D:9      | Found a staircase to the Orcish Mines.
  9095 | D:9      | Reached skill level 5 in Stealth
  9515 | D:9      | Found a staircase to the Lair.
  9523 | D:9      | Reached skill level 11 in Dodging
  9614 | D:9      | Reached skill level 10 in Maces & Flails
  9685 | D:9      | Killed from afar by an electric eel

Skill      XL: |  1  2  3  4  5  6  7  8  9 10 |
---------------+-------------------------------+-----
Fighting       | 4 5 6 7 8 |  8.6
Maces & Flails | 4 5 6 7 9 10 | 10.0
Dodging        | 3 4 6 8 10 11 | 11.1
Stealth        | 1 2 3 4 5 |  5.1
Throwing       | 1 2 |  2.8
Armour         | |  2.8

Action                   |  1- 3 |  4- 6 |  7- 9 | 10-12 || total
-------------------------+-------+-------+-------+-------++-------
Melee: Mace              |    98 |    87 |   281 |   147 ||   613
       Headbutt          |     9 |    17 |    75 |    39 ||   140
Throw: Stone             |       |     6 |    11 |    29 ||    46
Invok: Berserk           |     1 |     7 |    14 |     4 ||    26
       Trog's Hand       |     1 |     2 |     1 |     1 ||     5
  Use: Potion            |     1 |       |       |       ||     1
       Scroll            |       |     1 |     3 |       ||     4
 Stab: Sleeping          |       |     2 |     8 |       ||    10
  Eat: Chunk             |     3 |     9 |    20 |     3 ||    35
       Bread ration      |       |     1 |       |     1 ||     2
       Meat ration       |       |       |     1 |     1 ||     2
       Pizza             |       |       |     1 |       ||     1
       Beef jerky        |       |       |     2 |       ||     2
Armor: Animal skin       |     8 |    12 |    18 |    15 ||    53
Dodge: Dodged            |    50 |    51 |   183 |   105 ||   389
